 Dungeon Crawl Stone Soup version 0.29-a0-284-gf9362112df (webtiles) character file.

Game seed: 14233954650221239893

420908 sokol815 the Slayer (level 22, -12/214 HPs)
             Began as a Minotaur Berserker on Mar 16, 2022.
             Was the Champion of Trog.
             Killed by the air
             ... invoked by a spriggan air mage
              (24 damage)
             ... on level 4 of the Depths.
             The game lasted 02:50:29 (59201 turns).

sokol815 the Slayer (Minotaur Berserker)           Turns: 59201, Time: 02:50:30

Health: -12/214    AC: 20    Str: 35    XL:     22   Next: 65%
Magic:  21/21      EV: 19    Int:  6    God:    Trog [******]
Gold:   4890       SH: 15    Dex: 12    Spells: 21/21 levels left

rFire   + + .      SeeInvis +   a - +9 broad axe (spect)
rCold   + + .      Faith    .   R - +3 warlock's mirror {reflect}
rNeg    + . .      Spirit   .   t - +1 ring mail "Dacezyle" {Harm rElec rPois Will+++ Dex-2}
rPois   +          Reflect  +   g - +0 mask of the Dragon {Will+ Slay+3 SInv}
rElec   +          Harm     +   j - +0 cloak of Complete Protection {*Slow +Blink rF+ Slay+2}
rCorr   .          Rampage  .   b - +2 pair of gloves
Will    +++++                   e - +2 pair of boots {Fly}
Stlth   +.........              A - amulet "Dieps" {Reflect Str+6 SH+5}
HPRegen 0.45/turn               C - ring "Dilorhou" {rC+ rN+ Dex+2 Slay+3}
MPRegen 0.17/turn               V - ring "Aquqeuf" {Contam rF+ rC+ Slay+6}

@: on berserk cooldown, flying, slowed, studying Summonings, very slow
A: horns 2, retaliatory headbutt
}: 2/15 runes: decaying, gossamer
a: Renounce Religion, Evoke Blink, Berserk, Trog's Hand, Brothers in Arms


You were on level 4 of the Depths.
You worshipped Trog.
Trog was exalted by your worship.
You visited 8 branches of the dungeon, and saw 41 of its levels.
You visited 1 bazaar.
You also visited: Sewer, Bailey, Gauntlet, Ice Cave and Wizlab.

You collected 6017 gold pieces.
You spent 1127 gold pieces at shops.

Inventory:

Hand Weapons
 a - a +9 spectral broad axe (weapon)
   (Trog gifted it to you on level 3 of the Swamp)
 Q - a +4 broad axe of flaming
   (Trog gifted it to you on level 3 of the Spider Nest)
Missiles
 m - 18 boomerangs
 r - 2 throwing nets {!d}
 u - 7 javelins
 B - 10 silver javelins
Armour
 b - a +2 pair of gloves (worn)
   (You found it on level 2 of the Swamp)
 e - a +2 pair of boots of flying (worn)
   (You found it in a Gauntlet)
 g - the +0 mask of the Dragon (worn) {Will+ Slay+3 SInv}
   (You found it in a Gauntlet)

   Slay:      It affects your accuracy & damage with ranged weapons and melee
   (+3).
   SInv:      It lets you see invisible.
   Will:      It increases your willpower.
 j - the +0 cloak of Complete Protection (worn) {*Slow +Blink rF+ Slay+2}
   (You found it on level 1 of the Depths)

   Slay:      It affects your accuracy & damage with ranged weapons and melee
   (+2).
   rF:        It protects you from fire.
   +Blink:    It lets you blink.
   *Slow:     It may slow you when you take damage.
 k - the +1 scale mail "Eniovi" {Regen+ Dex+4 Slay+3}
   (You found it on level 14 of the Dungeon)

   Dex:       It affects your dexterity (+4).
   Slay:      It affects your accuracy & damage with ranged weapons and melee
   (+3).
   Regen:     It increases your rate of health regeneration.
 t - the +1 ring mail "Dacezyle" (worn) {Harm rElec rPois Will+++ Dex-2}
   (You bought it in a shop on level 2 of the Orcish Mines)

   Dex:       It affects your dexterity (-2).
   rElec:     It insulates you from electricity.
   rPois:     It protects you from poison.
   Harm:      It increases damage dealt and taken.
   Will:      It greatly increases your willpower.
 R - the +3 warlock's mirror (worn) {reflect}
   (You acquired it on level 2 of the Lair of Beasts)

   It can block and reflect piercing ranged attacks and magical attacks against
   the wielder's willpower.
Jewellery
 f - the ring "Adaps" {+Blink rC- rCorr SInv}
   (You found it on level 2 of the Depths)

   [ring of see invisible]

   rC:        It makes you vulnerable to cold.
   SInv:      It lets you see invisible.
   +Blink:    It lets you blink.
   rCorr:     It protects you from acid and corrosion.
 A - the amulet "Dieps" (around neck) {Reflect Str+6 SH+5}
   (You acquired it on level 1 of the Dungeon)

   [amulet of reflection]

   It reflects blocked missile attacks.
   Str:       It affects your strength (+6).
   SH:        It affects your SH (+5).
 C - the ring "Dilorhou" (left hand) {rC+ rN+ Dex+2 Slay+3}
   (You took it off a fire giant on level 2 of the Depths)

   [ring of protection from cold]

   Dex:       It affects your dexterity (+2).
   Slay:      It affects your accuracy & damage with ranged weapons and melee
   (+3).
   rC:        It protects you from cold.
   rN:        It protects you from negative energy.
 F - the ring of Sesi {rF- rC+++ rCorr Dex+4 Stlth+}
   (You found it on level 2 of the Lair of Beasts)

   [ring of resist corrosion]

   Dex:       It affects your dexterity (+4).
   rF:        It makes you vulnerable to fire.
   rC:        It renders you almost immune to cold.
   rCorr:     It protects you from acid and corrosion.
   Stlth:     It makes you more stealthy.
 V - the ring "Aquqeuf" (right hand) {Contam rF+ rC+ Slay+6}
   (You found it on level 2 of the Depths)

   [ring of protection from fire]

   Slay:      It affects your accuracy & damage with ranged weapons and melee
   (+6).
   rF:        It protects you from fire.
   rC:        It protects you from cold.
   Contam:    It causes magical contamination when unequipped.
Wands
 d - a wand of digging (26)
   (You took it off a kobold brigand on level 9 of the Dungeon)
 h - a wand of acid (40)
   (You took it off Ijyb on level 4 of the Dungeon)
 i - a wand of iceblast (41)
   (You found it on level 3 of the Dungeon)
 p - a wand of paralysis (43)
   (You found it on level 8 of the Dungeon)
 q - a wand of flame (85)
   (You found it on level 3 of the Swamp)
 y - a wand of mindburst (23)
   (You found it on level 2 of the Lair of Beasts)
Scrolls
 c - a scroll of brand weapon
 n - 5 scrolls of fog
 w - 4 scrolls of magic mapping {@r4!r}
 D - a scroll of blinking {!r}
 E - 5 scrolls of fear
 K - 7 scrolls of immolation {!r}
 O - 2 scrolls of silence
 P - 17 scrolls of identify {@r1}
 S - a scroll of summoning
 Y - 21 scrolls of teleportation {@r3}
Potions
 o - 7 potions of cancellation
 G - 5 potions of ambrosia {!q}
 H - 8 potions of haste
 I - 5 potions of invisibility
 J - 25 potions of curing {@q1}
 L - 2 potions of attraction {!q}
 M - 7 potions of might
 N - 7 potions of heal wounds {@q2}
 T - 3 potions of berserk rage {!q}
 U - 5 potions of mutation {!q}
Miscellaneous
 l - a condenser vane
   (You found it on level 12 of the Dungeon)
 s - a tin of tremorstones (2/2)
   (You found it in a Gauntlet)
 v - a lightning rod (4/4)
   (You found it on level 1 of the Depths)
 z - a box of beasts
   (You found it on level 2 of the Spider Nest)


   Skills:
 + Level 21.7 Fighting
 - Level 5.0 Long Blades
 - Level 18.0 Axes
 + Level 14.7 Throwing
 + Level 21.6 Armour
 + Level 19.9 Dodging
 * Level 14.0 Shields
 - Level 15.0 Evocations


You had 21 spell levels left.
You didn't know any spells.
Your spell library was empty.

Dungeon Overview and Level Annotations

Branches:
Dungeon (15/15)            Temple (0/1) D:7            Lair (6/6) D:8
  Swamp (4/4) Lair:2       Spider (4/4) Lair:4        Slime (0/5) Lair:5
    Orc (2/2) D:9             Elf (2/3) Orc:2        Vaults (4/5) D:14
  Crypt (0/3) Vaults:2     Depths (4/4) D:15          Sewer (visited)
 Bailey (visited)           IceCv (visited)          WizLab (visited)
Gauntlet (visited)
    Zot: Depths:4

Altars:
Ashenzari
Cheibriados
Kikubaaqudgha
Okawaru
Qazlal
Sif Muna
Trog
Vehumet

Shops:
D:1 ?   D:4 [   D:9 (=   D:14 (   Orc:2 *[=(   Elf:1 *   Vaults:2 [
Depths:2 (!

Portals:
Hell: Depths:1 Depths:2 Depths:3
Abyss: Depths:3
Pandemonium: Depths:2
Ziggurat: Depths:1
Trove: Depths:1 (give +3 gold dragon scales)

Annotations:
D:12 2 transporters
Spider:4 2 transporters, siradein's ghost, adept DrBe
Vaults:2 1 runed translucent door, Ugeaw's ghost, adept OgEn
Depths:1 2 runed translucent doors


Innate Abilities, Weirdness & Mutations

You have a pair of horns on your head.
You reflexively headbutt those who attack you in melee.


Message History

The fire giant gestures at you while chanting.
The fireball explodes!
The fireball engulfs you! You resist.
You hear a roar!
You hear an angry buzzing noise. x2
You take 13 damage, and have 201/214 hp.
A spark wasp comes into view.
The spark wasp buzzes angrily.
The fire giant points at you and mumbles some strange words.
The fireball explodes!
The fireball engulfs you! You resist.
You hear a roar!
You hear a shout!
You hear an angry buzzing noise. x2
You hear a shout!
You take 12 damage, and have 189/214 hp.
The spark wasp bursts into living lightning!
The living lightning hits you. You resist.
The spark wasp blinks!
A purple draconian comes into view. It is wielding a +0 mace.
You take 3 damage, and have 186/214 hp.
A red film seems to cover your vision as you go berserk!
You feel yourself moving faster!
You feel mighty! You block the spark wasp's attack.
The fire giant hits you with a +1 great sword of flaming!!
The fire giant burns you.
You now have 244/321 hp.
You slash the spark wasp! Your headbutt misses the spark wasp.
You slice the fire giant!!
Your +9 spectral broad axe barely misses the fire giant.
You block the spark wasp's attack.
You slice the spark wasp!! You headbutt the spark wasp!!
You hit the fire giant.
Your +9 spectral broad axe hits the fire giant!
You block the spark wasp's attack.
You slash the spark wasp!
You kill the spark wasp!
Trog accepts your kill.
You slice the fire giant!!
Your +9 spectral broad axe hits the fire giant!
The fire giant hits you with a +1 great sword of flaming!
The fire giant burns you.
A stone giant comes into view.
You take 19 damage, and have 226/321 hp.
You open the fire giant like a pillowcase!!!
You kill the fire giant!
Trog accepts your kill.
Trog appreciates your killing of a magic user.
Your Shields skill increases to level 14!
A yellow draconian and a stone giant come into view.
The stone giant shouts!
You feel a strong urge to attack something.
The stone giant throws a large rock.
The large rock hits you!
A red draconian comes into view. It is wielding a +2 scimitar of venom.
You take 16 damage, and have 211/321 hp.
You open the purple draconian like a pillowcase!!!
You headbutt the purple draconian, but do no damage.
Your +9 spectral broad axe hits the purple draconian!
You hear an angry buzzing noise.
A spriggan air mage comes into view. x2
You carve the purple draconian like a ham!!!
You kill the purple draconian!
Trog accepts your kill. The yellow draconian spits acid at you.
The glob of acid hits you but does no damage.
The stone giant throws a large rock.
You reflect the large rock off your +3 warlock's mirror {reflect}!
The large rock hits the stone giant!
You feel a strong urge to attack something.
The spriggan air mage waves its arms in wide circles.
The air twists around and strikes you!
You take 12 damage, and have 200/321 hp.
You are no longer berserk.
You are exhausted.
You feel yourself slow down. The stone giant hits you!!
You now have 97/214 hp.
Okay, then.
Really read
D - 2 scrolls of blinking {!r}?
Blink to where?
As you read the scroll of blinking {!r}, it crumbles to dust.
The spriggan air mage gestures at you while chanting.
The bolt of lightning hits you. You resist.
You take 6 damage, and have 92/214 hp.
The spriggan air mage points at you and mumbles some strange words.
Your +3 warlock's mirror {reflect} reflects the bolt of lightning!
The bolt of lightning hits the spriggan air mage!!!
The bolt of lightning hits the stone giant!!
The stone giant throws a large rock.
You reflect the large rock off your +3 warlock's mirror {reflect}!
The large rock hits the stone giant!
The spriggan air mage waves its arms in wide circles.
The air twists around and strikes you!
There is a stone staircase leading up here.
You take 17 damage, and have 77/214 hp.
The stone giant throws a large rock.
The large rock hits you!!
* * * LOW HITPOINT WARNING * * *
The spriggan air mage waves its arms in wide circles.
The air twists around and strikes you!
* * * LOW HITPOINT WARNING * * *
The spriggan air mage waves its arms in wide circles.
The air twists around and strikes you!
* * * LOW HITPOINT WARNING * * *
The spriggan air mage waves its arms in wide circles.
The air twists around and strikes you!!
You die...

#...........?[#
..............#
#.............#
###............####
..................#
.................#
#..............#
#..............#
########.@i..†[.......#
......#.......))....#.####
#)[...).......#.....#
#......8..C#..#......
#)##.......#i##.##....
..#..#.....d.#..#..#...
....#..######..#..#......
..##.#.## ##.###.....#. .
...# #..#.......†


You could see a yellow draconian, a stone giant and 2 spriggan air magi.

Vanquished Creatures
  Sojobo (Depths:2)
  Margery (Depths:2)
  A caustic shrike (Depths:1)
  2 golden dragons
  Arachne (Spider:3)
  Rupert (Lair:3)
  A walking earthen tome (Depths:2)
  3 liches
  Jorgrun (D:14)
  2 deep elf master archers (WizLab)
  Mlioglotl (Spider:1)
  Frances (D:14)
  2 walking divine tomes
  3 sphinxes
  The ghost of ReploidZero the Brawler, an adept TrGl of Ru (Spider:1)
  Agnes (Spider:3)
  2 thorn hunters (WizLab)
  A storm dragon (Depths:3)
  Roxanne (Spider:4)
  Donald (Spider:2)
  8 tengu reavers
  A shadow dragon (Depths:3)
  6 fenstrider witches
  6 emperor scorpions
  3 vault wardens
  A draconian knight (IceCv)
  7 fire giants
  10 frost giants
  Louise (Depths:3)
  Aizul (Depths:2)
  8 ghost moths
  An orc warlord (Vaults:2)
  2 war gargoyles
  4 spriggan defenders
  16 ironbound preservers
  4 very ugly things
  8 ironbound thunderhulks
  13 stone giants
  4 broodmothers
  2 green draconians (Depths:4)
  A deep elf demonologist (Elf:1)
  2 purple draconians (Depths:4)
  12 entropy weavers
  14 dire elephants
  4 eleionomae
  Azrael (D:14)
  A black draconian (Depths:4)
  9 spark wasps
  5 white draconians (IceCv)
  A minotaur (Gauntlet)
  7 bunyips
  A crystal guardian (Vaults:4)
  A green death (Gauntlet)
  5 deep elf death magi
  4 fire dragons (Depths:2)
  Snorg (Orc:1)
  7 ettins
  4 shambling mangroves
  8 yaktaur captains
  4 great orbs of eyes
  Fannar (Orc:1)
  9 ice dragons
  8 vault guards
  18 hydras
  Erolcha (D:11)
  A rakshasa (Depths:2)
  18 centaur warriors
  2 spriggan skeletons (Depths:1)
  2 peacekeepers
  4 spriggan air magi
  6 boulder beetles
  A ghost crab (Swamp:4)
  A merfolk avatar (Lair:6)
  4 death knights
  Erica (D:8)
  A radroach (Spider:2)
  10 ironbound frosthearts
  An ogre mage (D:15)
  11 two-headed ogres
  7 alligators
  8 jorogumos
  28 dancing weapons
  8 death yaks
  3 satyrs (WizLab)
  6 tengu warriors
  A vampire mage (Depths:1)
  4 spriggan berserkers
  7 deep troll shamans
  An orc high priest (Elf:2)
  Urug (D:11)
  11 deep troll earth magi
  A sun demon (Depths:3)
  11 deep elf knights
  Nergalle (Lair:1)
  Sonja (D:12)
  3 hell knights
  9 iron trolls
  8 pharaoh ants
  Lodul (D:11)
  A shadow wraith (Vaults:2)
  A bunyip zombie (Swamp:4)
  5 skeletal warriors (Depths:2)
  2 swamp dragons
  3 goliath frogs
  2 sun moths (Spider:4)
  2 flayed ghosts
  3 glowing orange brains
  10 bog bodies
  A sea snake (Lair:6)
  55 deep trolls
  10 ironbound convokers
  A spriggan druid (Swamp:4)
  3 bunyip skeletons (Swamp:4)
  18 orb spiders
  6 orc knights
  9 steelbarb worms
  8 wizards
  An obsidian statue (Lair:2)
  An orange crystal statue (IceCv)
  A lindwurm (shapeshifter) (Depths:1)
  9 deep elf archers
  10 lindwurms
  21 deep elf pyromancers
  5 fauns (WizLab)
  19 deep elf zephyrmancers
  7 harpies
  6 necromancers
  A frost giant zombie (Vaults:3)
  3 oklob plants
  3 orc sorcerers
  25 wolf spiders
  5 manticores
  29 ugly things
  4 will-o-the-wisps
  2 cyclopes
  4 moths of wrath
  A human skeleton (Vaults:3)
  11 vault sentinels
  A titan simulacrum (Vaults:3)
  4 torpor snails
  3 black mambas
  An orange demon (Gauntlet)
  2 guardian serpents (Depths:2)
  3 gargoyles
  6 storm dragon simulacra (IceCv)
  14 cane toads
  10 komodo dragons
  21 yaktaurs
  3 rime drakes
  4 kobold demonologists
  A tengu conjurer (Gauntlet)
  8 freezing wraiths
  6 golden dragon simulacra (IceCv)
  12 demonic crawlers
  An efreet (D:14)
  A polar bear (Lair:2)
  8 trolls
  A bloated husk (Swamp:1)
  9 meliai
  12 blink frogs
  35 tarantellas
  A wind drake (Lair:6)
  19 hornets
  10 slime creatures
  A snapping turtle (Lair:6)
  6 tyrant leeches
  24 culicivoras
  2 air elementals (Elf:2)
  3 shadows
  A human simulacrum (Vaults:3)
  34 jumping spiders
  8 wyverns
  A centaur simulacrum (D:15)
  11 spriggans
  9 water elementals
  Eustachio (D:6)
  2 wraiths
  40 yaks
  Grum (D:11)
  5 fire elementals
  6 basilisks
  A yaktaur simulacrum (Vaults:3)
  A steam dragon (Lair:6)
  A redback (shapeshifter) (Depths:3)
  88 redbacks
  20 vampire mosquitoes
  A warg (Orc:2)
  2 spriggan simulacra
  4 swamp worm simulacra (Swamp:4)
  14 water moccasins
  17 hydra simulacra (Swamp:4)
  5 hell hounds (D:14)
  10 swamp worms
  2 acid dragons
  2 swamp drakes (Swamp:1)
  3 floating eyes
  39 orc warriors
  A sky beast (shapeshifter) (Depths:3)
  2 ice beasts
  3 sky beasts
  2 black bears
  A hornet zombie (Swamp:4)
  4 ice dragon simulacra (IceCv)
  12 ogres
  A boggart (Vaults:2)
  32 centaurs
  13 wolves
  A swamp dragon skeleton (Swamp:4)
  17 bullfrogs
  3 kobold brigands
  A gnoll sergeant (D:12)
  2 necrophages
  3 scorpions
  13 wights
  3 killer bees (D:7)
  5 lindwurm simulacra (IceCv)
  10 electric eels
  8 howler monkeys
  3 jellies
  15 orc priests
  2 hounds
  A gnoll shaman (D:5)
  Ijyb (D:4)
  Terence (D:2)
  7 iguanas
  Natasha (thrice) (D:2)
  14 orc wizards
  A statue (D:12)
  A hound zombie (D:3)
  Robin (D:3)
  2 adders
  18 gnolls
  A river rat (Sewer)
  2 shadow imps (Gauntlet)
  3 white imps
  2 ufetubi
  4 swamp drake simulacra (Swamp:4)
  An adder skeleton (D:3)
  3 worms
  3 dart slugs
  56 orcs
  4 bats
  5 endoplasms
  4 giant cockroaches
  26 goblins
  8 hobgoblins
  6 jackals
  3 quokkas
  5 ball pythons
  A ball python zombie (D:3)
  4 frilled lizards
  30 kobolds
  A quokka zombie (D:3)
  12 rats
  2 briar patches (WizLab)
1708 creatures vanquished.

Vanquished Creatures (others)
  A walking crystal tome (Depths:2)
  Nessos (D:15)
  2 alligators
  A swamp dragon (Swamp:4)
  A bloated husk (Swamp:1)
  An electric eel (D:14)
  An orc wizard (D:9)
  6 foxfires
  28 fungi
  65 plants
  2 withered plants (D:3)
109 creatures vanquished.

Grand Total: 1817 creatures vanquished

Notes
Turn   | Place    | Note
-------+----------+-------------------------------------------
     0 | D:1      | sokol815 the Minotaur Berserker began the quest for the
                  | Orb.
     0 | D:1      | Reached XP level 1. HP: 19/19 MP: 0/0
   165 | D:1      | HP: 7/28 [goblin/+0 dagger (1)]
   167 | D:1      | Reached skill level 4 in Axes
   450 | D:1      | Identified a scroll of acquirement
   450 | D:1      | Acquired the amulet "Dieps" {Reflect Str+6 SH+5}
   474 | D:1      | Reached XP level 2. HP: 24/26 MP: 1/1
   652 | D:1      | Reached skill level 5 in Axes
   715 | D:1      | Found Eru Xuhete's Magic Scroll Shoppe.
   722 | D:1      | Reached XP level 3. HP: 25/31 MP: 2/2
  1050 | D:2      | Noticed Natasha
  1234 | D:2      | Reached skill level 6 in Axes
  1234 | D:2      | Reached XP level 4. HP: 22/39 MP: 3/3
  1421 | D:2      | Noticed Terence
  1430 | D:2      | Killed Terence
  1458 | D:2      | HP: 7/39 [white imp/puff of frost[Natasha] (5)]
  1460 | D:2      | Killed Natasha
  1584 | D:2      | Noticed Natasha
  1678 | D:2      | Killed Natasha
  1679 | D:2      | Reached skill level 7 in Axes
  1679 | D:2      | Reached XP level 5. HP: 45/45 MP: 4/4
  1731 | D:2      | Noticed Natasha
  1735 | D:2      | Killed Natasha
  2234 | D:3      | Reached ** piety under Trog
  2262 | D:3      | Noticed Robin
  2275 | D:3      | Killed Robin
  2371 | D:3      | Found a faded altar of an unknown god.
  2439 | D:3      | Found an iron altar of Okawaru.
  2645 | D:3      | Found a broken altar of Ashenzari.
  2646 | D:3      | Found a snail-covered altar of Cheibriados.
  2659 | D:3      | Reached skill level 8 in Axes
  2779 | D:3      | Found a faded altar of an unknown god.
  2782 | D:3      | Found a bloodstained altar of Trog.
  2889 | D:4      | Reached XP level 6. HP: 51/51 MP: 5/5
  2951 | D:4      | Reached skill level 9 in Axes
  3032 | D:4      | Found Notol's Antique Armour Shoppe.
  3325 | D:4      | Reached XP level 7. HP: 57/57 MP: 6/6
  3385 | D:4      | Noticed Ijyb
  3397 | D:4      | Killed Ijyb
  3751 | D:5      | Entered Level 5 of the Dungeon
  3778 | D:5      | Reached skill level 10 in Axes
  3790 | D:5      | Reached skill level 11 in Axes
  4054 | D:5      | Identified the +0 robe "Pownegui" {Dex+6}
  4224 | D:5      | Found a glowing drain.
  4235 | Sewer    | Entered a sewer
  4321 | Sewer    | Reached XP level 8. HP: 64/64 MP: 2/7
  4345 | Sewer    | Found a white marble altar of Elyvilon.
  4605 | D:5      | Reached skill level 12 in Axes
  4916 | D:6      | Reached skill level 1 in Shields
  4990 | D:6      | Reached skill level 2 in Shields
  4993 | D:6      | Reached *** piety under Trog
  4998 | D:6      | Reached skill level 3 in Shields
  5396 | D:6      | Found a stormy altar of Qazlal.
  5411 | D:6      | Noticed Eustachio
  5421 | D:6      | Reached skill level 13 in Axes
  5423 | D:6      | Killed Eustachio
  5556 | D:6      | Identified the +1 leather armour "Puuqis" {Dex+4 SInv}
  5697 | D:6      | Found a shimmering blue altar of Sif Muna.
  5860 | D:7      | Reached skill level 14 in Axes
  5860 | D:7      | Reached XP level 9. HP: 64/70 MP: 2/8
  6026 | D:7      | Found a flagged portal.
  6062 | Bailey   | Entered a bailey
  6219 | Bailey   | Reached skill level 15 in Axes
  6459 | Bailey   | Reached **** piety under Trog
  6914 | D:7      | Reached skill level 16 in Axes
  6991 | D:7      | Reached skill level 4 in Fighting
  7032 | D:7      | Found a staircase to the Ecumenical Temple.
  7396 | D:8      | Reached skill level 3 in Armour
  7397 | D:8      | Reached skill level 3 in Dodging
  7586 | D:8      | Reached skill level 4 in Shields
  7586 | D:8      | Reached XP level 10. HP: 80/80 MP: 3/9
  7681 | D:8      | Noticed Erica
  7687 | D:9      | Found Niewo's Weapon Emporium.
  7688 | D:9      | Noticed a two-headed ogre
  7699 | D:9      | HP: 24/120 [two-headed ogre/+0 giant club (27)]
  7700 | D:9      | Killed a two-headed ogre
  7701 | D:9      | Reached skill level 5 in Fighting
  7701 | D:9      | Reached skill level 4 in Armour
  8023 | D:9      | Reached skill level 4 in Dodging
  8027 | D:9      | Reached skill level 5 in Shields
  8151 | D:8      | Reached skill level 5 in Armour
  8338 | D:8      | Identified the +2 leather armour "Othozonu" {rF+ Regen+
                  | Str+4}
  8674 | D:8      | Killed Erica
  8675 | D:8      | Reached skill level 6 in Fighting
  8675 | D:8      | Reached skill level 5 in Dodging
  8803 | D:8      | Reached skill level 6 in Armour
  8814 | D:8      | Reached skill level 7 in Fighting
  8815 | D:8      | Reached skill level 6 in Dodging
  9014 | D:8      | Found a staircase to the Lair.
  9310 | D:9      | Reached skill level 7 in Armour
  9313 | D:9      | Found Heucvix's Jewellery Shop.
  9507 | D:9      | Reached XP level 11. HP: 92/92 MP: 10/10
 10078 | D:9      | Found a staircase to the Orcish Mines.
 10322 | Lair:1   | Entered Level 1 of the Lair of Beasts
 10400 | Lair:1   | Reached skill level 8 in Fighting
 10435 | Lair:1   | Reached skill level 1 in Long Blades
 10777 | Lair:1   | Reached skill level 2 in Long Blades
 10896 | Lair:1   | Noticed Nergalle
 10899 | Lair:1   | Reached skill level 7 in Dodging
 10919 | Lair:1   | Killed Nergalle
 10920 | Lair:1   | Reached skill level 3 in Long Blades
 11581 | Lair:2   | Reached skill level 8 in Armour
 11585 | Lair:2   | Reached skill level 4 in Long Blades
 12027 | Lair:2   | Found a staircase to the Swamp.
 12126 | Lair:2   | Acquired the +3 warlock's mirror {reflect}
 12126 | Lair:2   | Found the +3 warlock's mirror {reflect}
 12306 | Lair:2   | Reached skill level 5 in Long Blades
 12798 | Lair:3   | Noticed a five-headed hydra
 12798 | Lair:3   | Noticed Rupert
 12835 | Lair:2   | Reached skill level 9 in Fighting
 12959 | Lair:3   | Killed a one-headed hydra
 12960 | Lair:3   | Reached skill level 9 in Armour
 12960 | Lair:3   | Reached skill level 8 in Dodging
 12960 | Lair:3   | HP: 36/145 [poisoned by a cane toad]
 12965 | Lair:3   | HP: 21/97 [poisoned by a cane toad]
 13277 | Lair:3   | Noticed a seven-headed hydra
 13287 | Lair:3   | Killed a three-headed hydra
 13389 | Lair:3   | Reached XP level 12. HP: 96/106 MP: 11/11
 13401 | Lair:3   | Reached skill level 10 in Fighting
 13427 | Lair:3   | Noticed a four-headed hydra
 13433 | Lair:3   | Killed a two-headed hydra
 13522 | Lair:3   | Reached skill level 9 in Dodging
 13664 | Lair:3   | Killed Rupert
 13665 | Lair:3   | Reached skill level 10 in Armour
 14548 | Lair:4   | Noticed a five-headed hydra
 14555 | Lair:4   | Killed a three-headed hydra
 14649 | Lair:4   | Found a hole to the Spider Nest.
 15354 | Lair:5   | Reached skill level 1 in Throwing
 15376 | Lair:5   | Noticed a death yak
 15376 | Lair:5   | Noticed a death yak
 15376 | Lair:5   | Noticed a death yak
 15377 | Lair:5   | Noticed a death yak
 15387 | Lair:5   | Killed a death yak
 15388 | Lair:5   | Reached skill level 2 in Throwing
 15388 | Lair:5   | Killed a death yak
 15389 | Lair:5   | Reached skill level 17 in Axes
 15389 | Lair:5   | Reached skill level 3 in Throwing
 15391 | Lair:5   | Killed a death yak
 15393 | Lair:5   | Killed a death yak
 15394 | Lair:5   | Reached skill level 4 in Throwing
 15461 | Lair:5   | Noticed a boulder beetle
 15478 | Lair:5   | Killed a boulder beetle
 15542 | Lair:5   | Found a gate leading to a gauntlet.
 15599 | Lair:5   | Reached skill level 5 in Throwing
 15622 | Gauntlet | Entered a Gauntlet
 15622 | Gauntlet | Found a transporter.
 15622 | Gauntlet | Found a transporter.
 15623 | Gauntlet | Noticed a tengu warrior
 15630 | Gauntlet | Found a transporter.
 15631 | Gauntlet | Found the +0 mask of the Dragon {Will+ Slay+3 SInv}
 15634 | Gauntlet | Found a transporter.
 15645 | Gauntlet | Found a transporter.
 15648 | Gauntlet | Found a transporter.
 15661 | Gauntlet | Found a transporter.
 15673 | Gauntlet | Found a transporter.
 15676 | Gauntlet | Noticed a green death
 15688 | Gauntlet | Found a transporter.
 15692 | Gauntlet | Found a transporter.
 15704 | Gauntlet | Found a transporter.
 15704 | Gauntlet | Found a transporter.
 15754 | Gauntlet | Killed a tengu warrior
 15759 | Gauntlet | Reached XP level 13. HP: 110/115 MP: 12/12
 15806 | Gauntlet | Reached ***** piety under Trog
 15846 | Gauntlet | Killed a green death
 15884 | Gauntlet | Identified the +6 broad axe of the Heavens {flame, Fragile
                  | Fly Int+4}
 15884 | Gauntlet | Noticed a minotaur
 15893 | Gauntlet | Killed a minotaur
 15894 | Gauntlet | Reached skill level 6 in Throwing
 16390 | Lair:5   | Reached skill level 7 in Throwing
 16430 | Lair:5   | Found a staircase to the Slime Pits.
 17100 | Lair:6   | Entered Level 6 of the Lair of Beasts
 17492 | Lair:6   | Reached skill level 8 in Throwing
 17591 | Lair:6   | Reached skill level 18 in Axes
 17638 | Lair:6   | Identified the +5 whip "Iguloh" {antimagic, rElec rPois}
 17778 | Lair:6   | Reached skill level 9 in Throwing
 17992 | Lair:6   | Received a gift from Trog
 17998 | Lair:6   | Reached skill level 10 in Throwing
 18001 | Lair:6   | Reached skill level 11 in Fighting
 18013 | Lair:6   | Reached skill level 10 in Dodging
 18761 | Lair:4   | Reached skill level 11 in Armour
 18870 | Lair:2   | Identified the ring of Sesi {rF- rC+++ rCorr Dex+4 Stlth+}
 18873 | Lair:2   | Identified the ring "Zonannuu" {Fly Int+5}
 18875 | Lair:2   | Identified the quicksilver dragon scales of Masochism
                  | {Rampage +Inv Will+}
 19247 | Orc:1    | Entered Level 1 of the Orcish Mines
 19247 | Orc:1    | Noticed Snorg
 19253 | Orc:1    | Killed Snorg
 19254 | Orc:1    | Reached skill level 1 in Evocations
 19321 | Orc:1    | Noticed Fannar
 19331 | Orc:1    | Killed Fannar
 19377 | Orc:1    | Reached XP level 14. HP: 115/124 MP: 13/13
 19638 | Orc:2    | Entered Level 2 of the Orcish Mines
 19714 | Orc:2    | Found a staircase to the Elven Halls.
 19736 | Orc:1    | Reached skill level 2 in Evocations
 20048 | Orc:2    | Received a gift from Trog
 20054 | Orc:2    | Found Zeot's Jewellery Shop.
 20054 | Orc:2    | Found Pais's Antique Armour Emporium.
 20058 | Orc:2    | Reached skill level 3 in Evocations
 20060 | Orc:2    | Found Ydent's General Store.
 20061 | Orc:2    | Found Ucacur's Antique Weapon Boutique.
 20244 | Orc:2    | Bought a faintly humming ring mail for 306 gold pieces
 20244 | Orc:2    | Identified the +1 ring mail "Dacezyle" {Harm rElec rPois
                  | Will+++ Dex-2} (You bought it in a shop on level 2 of the
                  | Orcish Mines)
 20887 | D:10     | Entered Level 10 of the Dungeon
 20942 | D:10     | Reached skill level 12 in Fighting
 20951 | D:10     | Reached skill level 4 in Evocations
 21331 | D:10     | Identified the +4 plate armour of Music {Drain Regen+ Int+2
                  | Stlth+}
 21675 | D:11     | Noticed Lodul
 21680 | D:11     | Reached skill level 11 in Dodging
 21683 | D:11     | Reached skill level 12 in Armour
 21685 | D:11     | Reached skill level 5 in Evocations
 21688 | D:11     | Killed Lodul
 21873 | D:11     | Noticed Urug
 21879 | D:11     | Killed Urug
 22036 | D:11     | Received a gift from Trog
 22043 | D:11     | Noticed Grum
 22054 | D:11     | Killed Grum
 22166 | D:11     | Reached skill level 6 in Evocations
 22300 | D:11     | Noticed Erolcha
 22307 | D:11     | Killed Erolcha
 22882 | D:12     | Noticed Sonja
 22887 | D:12     | Found a radiant altar of Vehumet.
 22899 | D:12     | Killed Sonja
 23082 | D:12     | Found a transporter.
 23105 | D:12     | Found a transporter.
 23806 | D:13     | Reached XP level 15. HP: 92/134 MP: 14/14
 23975 | D:13     | Reached skill level 13 in Fighting
 24042 | D:13     | Reached skill level 7 in Evocations
 24047 | D:13     | HP: 42/202 [centaur warrior/arrow (10)]
 24875 | D:13     | Reached skill level 13 in Armour
 25194 | D:14     | Reached skill level 12 in Dodging
 25275 | D:14     | Noticed Frances
 25282 | D:14     | Killed Frances
 25282 | D:14     | Received a gift from Trog
 25334 | D:14     | Found a gate to the Vaults.
 25584 | D:14     | Found Powol's Weapon Shop.
 25623 | D:14     | Reached skill level 8 in Evocations
 25637 | D:14     | Noticed Azrael
 25646 | D:14     | Killed Azrael
 25647 | D:14     | Reached skill level 6 in Shields
 26098 | D:14     | Identified the +1 scale mail "Eniovi" {Regen+ Dex+4 Slay+3}
 26192 | D:14     | Noticed Jorgrun
 26202 | D:14     | Killed Jorgrun
 26366 | D:15     | Entered Level 15 of the Dungeon
 26533 | D:15     | Noticed Nessos
 26535 | D:15     | Killed Nessos
 26610 | D:15     | Reached skill level 7 in Shields
 27304 | D:15     | Found a staircase to the Depths.
 27887 | Swamp:1  | Entered Level 1 of the Swamp
 28342 | Swamp:1  | Reached skill level 9 in Evocations
 28346 | Swamp:1  | Reached skill level 8 in Shields
 28746 | Swamp:1  | You are sucked into a shaft and drop 1 floor!
 28759 | Swamp:2  | Reached skill level 14 in Fighting
 28786 | Swamp:2  | Reached XP level 16. HP: 146/146 MP: 15/15
 28969 | Swamp:2  | Found a frozen archway.
 28975 | Swamp:2  | Reached skill level 9 in Shields
 29093 | IceCv    | Entered an ice cave
 29445 | IceCv    | Reached skill level 14 in Armour
 29833 | IceCv    | Reached skill level 13 in Dodging
 29881 | IceCv    | Identified the ring of Propriety {rF+ Slay+4}
 30170 | Swamp:2  | Reached skill level 10 in Evocations
 31032 | Swamp:1  | Reached skill level 10 in Shields
 31161 | Swamp:3  | Received a gift from Trog
 32202 | Swamp:4  | Entered Level 4 of the Swamp
 32853 | Swamp:4  | Identified the +1 scale mail "Dunodusi" {rC+ Will+ Dex+4}
 32977 | Swamp:4  | Found an ancient bone altar of Kikubaaqudgha.
 32981 | Swamp:4  | Reached skill level 11 in Evocations
 32988 | Swamp:4  | Reached skill level 15 in Fighting
 33434 | Swamp:4  | Reached XP level 17. HP: 120/156 MP: 16/16
 33689 | Swamp:4  | Got a decaying rune of Zot
 33859 | Spider:1 | Entered Level 1 of the Spider Nest
 33939 | Spider:1 | Reached skill level 15 in Armour
 34098 | Spider:1 | Noticed Mlioglotl
 34116 | Spider:1 | Killed Mlioglotl
 34319 | Spider:1 | Found a runed translucent gate.
 34320 | Spider:1 | Found a runed translucent gate.
 34321 | Spider:1 | Found a runed translucent gate.
 34323 | Spider:1 | Noticed ReploidZero's ghost (adept TrGl)
 34391 | Spider:1 | Reached skill level 14 in Dodging
 34568 | Spider:1 | Identified the +4 dagger of Wouxuth {freeze, *Slow rElec
                  | rF+ rN+}
 34632 | Spider:1 | Killed ReploidZero's ghost
 34739 | Spider:2 | Received a gift from Trog
 34811 | Spider:2 | Reached skill level 12 in Evocations
 34839 | Spider:2 | Noticed Donald
 34940 | Spider:2 | Killed Donald
 35270 | Spider:2 | Reached skill level 16 in Fighting
 35300 | Spider:1 | Received a gift from Trog
 35301 | Spider:1 | Reached skill level 16 in Armour
 36118 | Spider:3 | Noticed Arachne
 36132 | Spider:3 | Killed Arachne
 36404 | Spider:3 | Noticed Agnes
 36412 | Spider:3 | Killed Agnes
 36647 | Spider:3 | Reached skill level 15 in Dodging
 36795 | Spider:3 | Paralysed by a jorogumo for 2 turns
 36879 | Spider:3 | Reached XP level 18. HP: 85/163 MP: 14/17
 37424 | Spider:3 | Received a gift from Trog
 38055 | Spider:4 | Entered Level 4 of the Spider Nest
 38471 | Spider:4 | Identified Roxanne's Handbook of Stones
 38471 | Spider:4 | Noticed Roxanne
 38484 | Spider:4 | Killed Roxanne
 38533 | Spider:4 | Reached skill level 11 in Throwing
 38540 | Spider:4 | Reached skill level 17 in Fighting
 38794 | Spider:4 | Found a transporter.
 38802 | Spider:4 | Noticed siradein's ghost (adept DrBe)
 38805 | Spider:4 | Found a transporter.
 38862 | Spider:4 | Reached ****** piety under Trog
 38931 | Spider:4 | Reached skill level 17 in Armour
 38949 | Spider:4 | Received a gift from Trog
 39581 | Spider:4 | Reached skill level 13 in Evocations
 40215 | Spider:4 | Got a gossamer rune of Zot
 40596 | Vaults:1 | Entered Level 1 of the Vaults
 40694 | Vaults:1 | Found a magical portal.
 40726 | WizLab   | Entered Eringya's Formal Garden
 40757 | WizLab   | Reached skill level 16 in Dodging
 41745 | WizLab   | Reached XP level 19. HP: 178/178 MP: 18/18
 42375 | WizLab   | Found a blossoming altar of Fedhas.
 42999 | Vaults:1 | Reached skill level 12 in Throwing
 43086 | Vaults:1 | Received a gift from Trog
 43240 | Vaults:1 | Reached skill level 18 in Fighting
 43905 | Vaults:1 | Reached skill level 18 in Armour
 44596 | Vaults:1 | Received a gift from Trog
 44861 | Vaults:2 | Reached skill level 14 in Evocations
 44989 | Vaults:2 | Reached skill level 17 in Dodging
 45052 | Vaults:2 | Found a staircase to the Crypt.
 45080 | Vaults:2 | HP: 35/180 [yaktaur captain/bolt (15)]
 45642 | Vaults:2 | Found a runed translucent door.
 45642 | Vaults:2 | Noticed Ugeaw's ghost (adept OgEn)
 45947 | Vaults:2 | Reached skill level 13 in Throwing
 45973 | Vaults:2 | Reached XP level 20. HP: 189/189 MP: 19/19
 45980 | Vaults:2 | Received a gift from Trog
 46486 | Vaults:2 | Found Ovunou's Armour Shop.
 46795 | Vaults:3 | Reached skill level 19 in Fighting
 46858 | Vaults:3 | Found a flickering gateway to a bazaar.
 46881 | Bazaar   | Entered a bazaar
 46895 | Bazaar   | Found Cetink's Jewellery Shoppe.
 46911 | Bazaar   | Found Jyomeusk's Armour Emporium.
 46927 | Bazaar   | Found Gideth's Antique Weapon Shoppe.
 46927 | Bazaar   | Found Biug's Book Emporium.
 47004 | Vaults:3 | Reached skill level 19 in Armour
 47558 | Vaults:3 | Received a gift from Trog
 49840 | Vaults:4 | Reached skill level 18 in Dodging
 49964 | Vaults:4 | Received a gift from Trog
 50408 | Elf:1    | Entered Level 1 of the Elven Halls
 50569 | Elf:1    | Found Culeah's Assorted Antiques.
 50623 | Elf:1    | Bought a scroll of brand weapon for 380 gold pieces
 50627 | Elf:1    | You are sucked into a shaft and drop 1 floor!
 50770 | Elf:1    | Reached skill level 15 in Evocations
 50836 | Elf:1    | Found the +13 scythe of Curses {drain, Drain}
 51626 | Elf:2    | Reached skill level 20 in Fighting
 51657 | Elf:2    | Reached XP level 21. HP: 201/201 MP: 20/20
 51660 | Elf:2    | Reached skill level 20 in Armour
 51827 | Elf:2    | Received a gift from Trog
 51896 | Elf:2    | Paralysed by an air elemental for 1 turns
 51956 | Elf:1    | Found an ancient bone altar of Kikubaaqudgha.
 52298 | Elf:2    | Found a runed translucent gate.
 52299 | Elf:2    | Found a runed translucent gate.
 52299 | Elf:2    | Found a runed translucent gate.
 53467 | Depths:1 | Entered Level 1 of the Depths
 53637 | Depths:1 | Reached skill level 19 in Dodging
 53649 | Depths:1 | Received a gift from Trog
 53872 | Depths:1 | Found a one-way gateway to a ziggurat.
 53905 | Depths:1 | Found a portal to a secret trove of treasure.
 53909 | Depths:1 | Identified the +0 cloak of Complete Protection {*Slow
                  | +Blink rF+ Slay+2}
 53958 | Depths:1 | Noticed a caustic shrike
 53963 | Depths:1 | Killed a caustic shrike
 54172 | Depths:1 | Found a runed translucent door.
 54172 | Depths:1 | Found a runed translucent door.
 54360 | Depths:1 | Found a gateway to Hell.
 54413 | Depths:1 | Found a bloodstained altar of Trog.
 54579 | Depths:2 | Identified the +7 plate armour of a Labyrinth {Will+ Int+4}
 54679 | Depths:2 | Paralysed by a floating eye for 2 turns
 54929 | Depths:2 | Found Pivoalo's Antique Weapon Emporium.
 54992 | Depths:2 | Noticed Aizul
 54997 | Depths:2 | Killed Aizul
 55064 | Depths:2 | Reached skill level 21 in Fighting
 55064 | Depths:2 | Reached skill level 11 in Shields
 55133 | Depths:2 | Noticed Sojobo
 55137 | Depths:2 | Paralysed by a floating eye for 4 turns
 55148 | Depths:2 | Killed Sojobo
 55344 | Depths:2 | Reached skill level 14 in Throwing
 55345 | Depths:2 | You are sucked into a shaft and drop 1 floor!
 55552 | Depths:2 | Reached skill level 21 in Armour
 55597 | Depths:2 | Received a gift from Trog
 55731 | Depths:2 | Found a transporter.
 55766 | Depths:2 | Identified the ring "Adaps" {+Blink rC- rCorr SInv}
 55860 | Depths:2 | Identified the ring "Aquqeuf" {Contam rF+ rC+ Slay+6}
 55917 | Depths:2 | Found a one-way gate leading to the halls of Pandemonium.
 56050 | Depths:2 | Reached XP level 22. HP: 211/213 MP: 21/21
 56076 | Depths:2 | Reached skill level 12 in Shields
 56079 | Depths:2 | Found a transporter.
 56114 | Depths:2 | Noticed Margery
 56124 | Depths:2 | Killed Margery
 56146 | Depths:2 | Identified the ring "Dilorhou" {rC+ rN+ Dex+2 Slay+3}
 56703 | Depths:2 | Found Haoc's Distillery.
 56703 | Depths:2 | Noticed a golden dragon
 56706 | Depths:2 | Killed a golden dragon
 56713 | Depths:2 | Bought a potion of invisibility for 168 gold pieces
 56713 | Depths:2 | Bought a potion of might for 84 gold pieces
 56713 | Depths:2 | Bought 2 potions of curing for 126 gold pieces
 56713 | Depths:2 | Bought a potion of curing for 63 gold pieces
 57047 | Depths:2 | Received a gift from Trog
 57210 | Depths:3 | Noticed a golden dragon
 57218 | Depths:3 | Killed a golden dragon
 57222 | Depths:3 | Reached skill level 13 in Shields
 58471 | Depths:3 | Received a gift from Trog
 58495 | Depths:3 | Noticed Louise
 58503 | Depths:3 | Killed Louise
 58504 | Depths:3 | Found a one-way gate to the infinite horrors of the Abyss.
 58811 | Depths:4 | Entered Level 4 of the Depths
 59187 | Depths:4 | Reached skill level 14 in Shields
 59201 | Depths:4 | HP: 44/214 [stone giant/large rock (34)]
 59201 | Depths:4 | HP: 12/214 [spriggan air mage/the air (13)]
 59201 | Depths:4 | Killed from afar by a spriggan air mage

Illustrated notes

Levels and vault maps discovered:
D:1:      minmay_arrival_hallway, layout_rooms, serial_shops, shop
D:2:      layout_rooms, uniq_natasha, uniq_terence
D:3:      layout_basic, okawaru_ov_weapons_minmay,
          nicolae_overflow_ecumenical_swirl, nicolae_overflow_squiral,
          serial_undead, serial_undead_c, serial_undead_b, serial_undead_f,
          serial_undead_b, ebering_ecumenical_altar_abandoned, uniq_robin
D:4:      layout_loops_ring, serial_shops, nicolae_shop_behind_doors,
          chequers_serial_rivers_micro_a, uniq_ijyb
D:5:      layout_basic, portal_sewer_entry_b, serial_rivers,
          chequers_serial_rivers_marsh, chequers_serial_rivers_micro_a,
          chequers_serial_rivers_micro_b, chequers_serial_rivers_small_3,
          chequers_serial_rivers_micro_c, minmay_diced_spiral
D:6:      layout_gridville, lemuel_blue_sif_altar, kennysheep_mini,
          uniq_eustachio
D:7:      layout_basic, minmay_temple_entry_enclosed_plants, enter_bailey_5
D:8:      layout_cave_pools, erik_lair_dragon, uniq_erica
D:9:      layout_loops_ring, erik_orc_2, serial_shops, shop_fountains, shop
D:10:     layout_gridville, minmay_diamond_spiral
D:11:     layout_roguey, uniq_erolcha, uniq_grum, uniq_lodul, uniq_urug
D:12:     gammafunk_wand_slinger, layout_stronghold, vehumet_statue, uniq_sonja
D:13:     layout_irregular_city
D:14:     layout_basic, erik_vaults_1, grunt_decor_one_mirror, serial_shops,
          shop, uniq_frances, uniq_jorgrun, uniq_azrael
D:15:     grunt_enter_depths_snipers, layout_stronghold,
          minmay_misc_feat_hallway, uniq_nessos
Lair:1:   layout_roguey, uniq_nergalle
Lair:2:   statuecave_lemuel, layout_cave_pods, minmay_swamp_entry_swarm
Lair:3:   layout_concentric_octagons, grunt_megastairs_5,
          infiniplex_staircase_pool, uniq_rupert
Lair:4:   layout_small_grid, nicolae_spider_entry_orb_guardian
Lair:5:   hellmonk_ruined_rings, layout_cave_pods,
          minmay_slime_entry_oklob_enclosed, gauntlet_entry_generic,
          infiniplex_staircase_pool_2, lemuel_fruit_fields
Lair:6:   gammafunk_lair_ancient_temple, layout_regular_city
Swamp:1:  layout_basic_swamp, nicolae_swamp_treefoil, swamp_pool2,
          nicolae_swamp_small_spring
Swamp:2:  nicolae_swamp_long_stream, layout_falls_marsh,
          portal_ice_cave_entry_frozen_things, evilmike_swamp_ruin_house_4,
          swamp_pool1, grunt_witch_cave
Swamp:3:  layout_basic_swamp, hangedman_swamp_blocks
Swamp:4:  swamp_icy, layout_basic_swamp, swamp_pool3, beargit_kiku_chapel
Spider:1: layout_spider_delve, ebering_ghost_rock_garden, uniq_mlioglotl
Spider:2: layout_spider_delve, nicolae_crawler_farm, nicolae_spider_cling_halls,
          uniq_donald
Spider:3: nicolae_spider_hilbert_zone_2 [nicolae_spider_hilbert_4_sides_1_open,
          nicolae_spider_hilbert_4_sides_1_open,
          nicolae_spider_hilbert_4_sides_1_open,
          nicolae_spider_hilbert_4_sides_1_open,
          nicolae_spider_hilbert_6_sides_1_open,
          nicolae_spider_hilbert_6_sides_1_open,
          nicolae_spider_hilbert_3_sides_1_open,
          nicolae_spider_hilbert_3_sides_1_open,
          nicolae_spider_hilbert_3_sides_1_open,
          nicolae_spider_hilbert_3_sides_1_open,
          nicolae_spider_hilbert_6_sides_1_open,
          nicolae_spider_hilbert_6_sides_1_open,
          nicolae_spider_hilbert_6_sides_1_open,
          nicolae_spider_hilbert_6_sides_1_open],
          nicolae_spider_not_touching_you, uniq_arachne, uniq_agnes
Spider:4: johnstein_spider_rune_arachne_lair, gammafunk_ghost_arena,
          uniq_roxanne
Orc:1:    layout_caves, uniq_fannar, uniq_snorg
Orc:2:    st_orc_rangers, layout_diamond_mine
Elf:1:    layout_onion_city, serial_shops, shop, minmay_elf_demonology,
          lemuel_upstairs_altar
Elf:2:    nicolae_elf_blades_crystal_corner, layout_loops_corners
Vaults:1: mu_enter_wizlab_1, vaults_dpeg_cross,
          vaults_standard_mumra_enter_the_diamond, v_misc_1,
          ontoclasm_vaults_claustrophobia, v_misc_3,
          nicolae_vaults_circle_grid_b, ontoclasm_vaults_gateway,
          ontoclasm_vaults_fault, vaults_dpeg_spiral, nicolae_vaults_little_ls,
          vaults_mumra_minichess, nicolae_vaults_angled_halls, v_rooms_5,
          nicolae_vaults_network_quinsquares
          [nicolae_vaults_network_quincunx_subvault,
          nicolae_vaults_network_quincunx_subvault,
          nicolae_vaults_network_quincunx_subvault,
          nicolae_vaults_network_quincunx_subvault],
          nicolae_vaults_little_squares_2, nicolae_vaults_quartermaster,
          layout_vaults_big_cross, serial_shops
Vaults:2: hellmonk_ghost_happy_afterlife, nicolae_vaults_network_periphery,
          v_misc_15, hangedman_vaults_unwind, vaults_room_grid, v_rooms_4,
          vaults_room_hallway, blue_anna_dwarven_crypt,
          vaults_dpeg_encased_lava, hangedman_vaults_stretched_pinwheel,
          ontoclasm_vaults_decontamination, layout_vaults_big_room,
          serial_shops, shop_statue
Vaults:3: vaults_standard_mumra_x, nicolae_vaults_little_squares_3, v_misc_27,
          vaults_standard_mumra_enter_the_diamond, nicolae_vaults_alarming,
          vaults_dpeg_diagonal, ontoclasm_vaults_ring_square,
          vaults_room_stairs_pillars, layout_vaults_omnigrid, serial_shops,
          bzr_entry_road
Vaults:4: v_alt_pattern_4, vaults_room_fours, st_squares,
          grunt_vaults_hallway_short, vaults_room_door_hall, v_rooms_3,
          vaults_mumra_chevron, vaults_room_ringed_pool, grunt_vaults_bifocal,
          v_misc_30, layout_vaults_omnibox
Depths:1: minmay_the_grid_triangle_9x9_recursive_2_mashed
          [minmay_the_grid_triangle_9x9_prize_center,
          minmay_the_grid_triangle_9x9_limited_checkers,
          minmay_the_grid_triangle_9x9_tough_junction,
          minmay_the_grid_triangle_9x9_corruption], layout_cave_pools,
          enter_ziggurat_e, hell_entry, nicolae_trove_entry_free_sample,
          drop_trap, trog_three_pillars_becter
Depths:2: hangedman_spin_cycle, hell_entry, serial_shops, pan_entry, uniq_aizul
Depths:3: minmay_ambush_box, layout_gridlike, serial_bayou_shore_a,
          nicolae_abyss_entry_one_way_or_another, hangedman_geh_valley,
          lemuel_flamethrower_1, infiniplex_staircase_zigzag_4
Depths:4: grunt_twist_and_shout, layout_cross, grunt_pan_entry_in_and_out,
          serial_sigils_hangedman_gut, hangedman_coc_ice_floe

Skill      XL: |  1  2  3  4  5  6  7  8  9 10 11 12 13 14 15 16 17 18 19 20 21 22 |
---------------+-------------------------------------------------------------------+-----
Axes           | 4 5 6 7 8 9 11 14 16 17 18 | 18.0
Shields        | 3 4 5 8 10 11 14 | 14.0
Fighting       | 4 7 9 10 11 12 14 15 16 17 18 20 21 | 21.7
Armour         | 3 7 9 10 11 12 13 14 16 17 18 19 21 | 21.6
Dodging        | 3 6 8 9 10 11 12 13 15 16 17 18 19 | 19.9
Long Blades    | 5 |  5.0
Throwing       | 5 10 11 13 14 | 14.7
Evocations     | 1 6 9 11 12 13 14 15 | 15.0

Action                   |  1- 3 |  4- 6 |  7- 9 | 10-12 | 13-15 | 16-18 | 19-21 | 22-24 || total
-------------------------+-------+-------+-------+-------+-------+-------+-------+-------++-------
Melee: Hand axe          |    70 |   100 |     1 |   285 |       |       |       |       ||   456
       Headbutt          |    10 |    20 |    32 |    99 |   140 |   187 |   184 |    57 ||   729
       Punch             |       |     2 |     1 |       |       |       |       |       ||     3
       War axe           |       |       |   248 |    97 |       |       |       |       ||   345
       Scimitar          |       |       |       |    26 |       |       |       |       ||    26
       Broad axe         |       |       |       |    77 |   688 |   771 |   724 |   174 ||  2434
Throw: Stone             |    11 |       |     4 |       |       |       |       |       ||    15
       Javelin           |       |       |       |       |       |    44 |       |       ||    44
       Boomerang         |       |       |       |       |       |   114 |   199 |       ||   313
Invok: Berserk           |     2 |     7 |    10 |    12 |    14 |    28 |    21 |     5 ||    99
       Trog's Hand       |       |       |       |     2 |     1 |     4 |     2 |       ||     9
       Brothers in Arms  |       |       |       |       |       |     1 |       |       ||     1
Evoke: Wand              |       |       |     2 |    13 |     6 |     7 |     2 |     6 ||    36
       Condenser vane    |       |       |       |       |       |     1 |       |       ||     1
  Use: Scroll            |     6 |     5 |     4 |    13 |     9 |     4 |     4 |     3 ||    48
       Potion            |       |       |       |       |       |       |       |     1 ||     1
 Stab: Sleeping          |       |       |       |       |     2 |     1 |     2 |       ||     5
       Distracted        |       |       |       |       |     2 |     1 |     7 |     2 ||    12
       Paralysed         |       |       |       |       |       |       |     2 |       ||     2
Armor: Animal skin       |     9 |       |       |       |       |       |       |       ||     9
       Plate armour      |       |    42 |    97 |   112 |    53 |       |       |       ||   304
       Quicksilver drago |       |       |       |       |    43 |       |       |       ||    43
       Ring mail         |       |       |       |       |    62 |   177 |   105 |    23 ||   367
       Scale mail        |       |       |       |       |    12 |     1 |       |       ||    13
Dodge: Dodged            |    25 |    27 |    77 |    99 |   219 |   338 |   262 |    55 ||  1102
Block: Other             |     9 |    13 |     9 |       |       |       |       |       ||    31
       Buckler           |       |       |    90 |   174 |   388 |   434 |   315 |    84 ||  1485
       Reflection        |       |       |    17 |     4 |    74 |    32 |    71 |     8 ||   206

Table legend: (Time is in decaauts)
 A = Elapsed time spent in this place.
 B = Non-inter-level travel time spent in this place.
 C = Inter-level travel time spent in this place.
 D = Time resting spent in this place.
 E = Time spent auto-exploring this place.
 F = Levels seen in this place.
 G = Mean time per level.
                   A        B        C        D        E       F      G
               +--------+--------+--------+--------+--------+-----+--------+
         Total |  59319 |  56142 |   3177 |  17275 |  29690 |  47 | 1262.1 |
       Dungeon |  17597 |  16144 |   1453 |   4391 |   9144 |  15 | 1173.1 |
          Lair |   8677 |   8058 |    619 |   1637 |   5236 |   6 | 1446.2 |
         Swamp |   4851 |   4675 |    176 |   1626 |   2237 |   4 | 1212.8 |
   Spider Nest |   6333 |   6053 |    280 |   2249 |   2612 |   4 | 1583.2 |
  Orcish Mines |   1648 |   1505 |    143 |    188 |   1082 |   2 |  824.0 |
   Elven Halls |   2799 |   2666 |    133 |    241 |   2005 |   2 | 1399.5 |
        Vaults |   7470 |   7184 |    286 |   1872 |   4308 |   4 | 1867.5 |
        Depths |   5633 |   5549 |     84 |   2585 |   2153 |   4 | 1408.2 |
        Bazaar |     74 |     74 |      0 |      0 |     61 |   1 |   74.0 |
         Sewer |    171 |    171 |      0 |      0 |    123 |   1 |  171.0 |
        Bailey |    655 |    655 |      0 |    256 |    149 |   1 |  655.0 |
      Ice Cave |    872 |    872 |      0 |    517 |    193 |   1 |  872.0 |
        Wizlab |   2028 |   2028 |      0 |   1508 |    259 |   1 | 2028.0 |
      Gauntlet |    503 |    503 |      0 |    200 |    127 |   1 |  503.0 |
               +--------+--------+--------+--------+--------+-----+--------+

Top non-repeatable levels by time:
Spider:3: 2408 daAuts
  Lair:2: 2284 daAuts
Depths:2: 2282 daAuts
Vaults:1: 2240 daAuts
     D:9: 2198 daAuts
  WizLab: 2028 daAuts
Vaults:2: 2003 daAuts
Depths:3: 1893 daAuts
Vaults:4: 1838 daAuts
   Elf:2: 1606 daAuts
  Lair:4: 1597 daAuts
    D:13: 1590 daAuts
Spider:4: 1531 daAuts
     D:8: 1530 daAuts
  Lair:6: 1497 daAuts

Table legend:
 A = Kills in this place as a percentage of kills in entire the game.
 B = Kills by you in this place as a percentage of kills by you in the entire game.
 C = Kills by friends in this place as a percentage of kills by friends in the entire game.
 D = Other kills in this place as a percentage of other kills in the entire game.
 E = Experience gained in this place as a percentage of experience gained in the entire game.
 F = Experience gained in this place divided by the number of levels of this place that you have seen.
                   A       B       C       D       E      F
               +-------+-------+-------+-------+-------+----------------------
         Total | 100.0 | 100.0 |   N/A | 100.0 | 100.0 | 16910.0
       Dungeon |  23.3 |  23.3 |   N/A |  33.3 |   9.8 | 5177.5
          Lair |   8.3 |   8.3 |   N/A |   0.0 |   5.9 | 7762.8
         Swamp |   8.0 |   8.0 |   N/A |  33.3 |   8.2 | 16341.0
   Spider Nest |  18.1 |  18.2 |   N/A |   0.0 |  17.3 | 34352.0
  Orcish Mines |   5.4 |   5.5 |   N/A |   0.0 |   1.5 | 5942.0
   Elven Halls |   5.7 |   5.7 |   N/A |   0.0 |   7.9 | 31393.0
        Vaults |  13.4 |  13.4 |   N/A |   0.0 |  21.4 | 42511.0
        Depths |  11.2 |  11.1 |   N/A |  33.3 |  22.1 | 43992.5
         Sewer |   0.7 |   0.7 |   N/A |   0.0 |   0.0 | 123.0
        Bailey |   1.4 |   1.4 |   N/A |   0.0 |   0.1 | 858.0
      Ice Cave |   1.6 |   1.6 |   N/A |   0.0 |   1.6 | 12338.0
        Wizlab |   2.2 |   2.2 |   N/A |   0.0 |   3.7 | 29545.0
      Gauntlet |   0.5 |   0.5 |   N/A |   0.0 |   0.5 | 4210.0
               +-------+-------+-------+-------+-------+----------------------
